 Dungeon Crawl Stone Soup version 0.20.1-1-g8b1a95d (webtiles) character file.

17859 dara the Basher (level 12, -7/122 HPs)
             Began as a Troll Fighter on Dec 28, 2017.
             Was an Elder of Okawaru.
             Mangled by a five-headed hydra (14 damage)
             ... on level 2 of the Lair of Beasts on Dec 29, 2017.
             The game lasted 04:11:16 (13470 turns).

dara the Basher (Troll Fighter)                    Turns: 13470, Time: 04:11:19

Health: -7/122     AC:  9    Str: 31    XL:     12   Next: 22%
Magic:  11/11      EV: 14    Int:  7    God:    Okawaru [****..]
Gold:   394        SH: 10    Dex: 10    Spells: 11/12 levels left

rFire    . . .     SeeInvis .   i - +12 falchion of Diatyxt {slice, rElec}
rCold    . . .     Gourm    +   c - +0 shield
rNeg     . . .     Faith    .   n - +2 robe {MR+}
rPois    .         Spirit   .   (helmet restricted)
rElec    +         Reflect  .   L - +0 cloak
rCorr    .         Harm     .   (gloves unavailable)
MR       +....                  (boots unavailable)
Stlth    +.........             b - amulet of rage
Regen    0.7/turn               o - +2 ring of strength
MPRegen  0.2/turn               j - +3 ring of evasion

@: no status effects
A: unfitting armour, claws 3, rugged brown scales 1, fast metabolism 3,
gourmand, regeneration 1, shaggy fur 1, strong 1, tough skin 2
a: Heroism, Renounce Religion, Evoke Berserk Rage


You were on level 2 of the Lair of Beasts.
You worshipped Okawaru.
Okawaru was greatly pleased with you.
You were very full.

You visited 3 branches of the dungeon, and saw 14 of its levels.

You collected 576 gold pieces.
You spent 182 gold pieces at shops.

Inventory:

Hand Weapons
 e - a +2 hunting sling of flaming
 i - the +12 falchion of Diatyxt (weapon) {slice, rElec}
   (You found it on level 6 of the Dungeon)

   It inflicts extra damage upon your enemies.
   It insulates you from electricity.
 m - a +3 scimitar of freezing
 s - a +1 dagger of chaos
 G - a +4 short sword
Missiles
 l - 28 sling bullets (quivered)
 q - 5 tomahawks
 D - 2 throwing nets
 N - 45 poisoned needles
Armour
 c - a +0 shield (worn)
 n - a +2 robe of magic resistance (worn)
 L - a +0 cloak (worn)
 Z - a +2 robe of the Archmagi
Jewellery
 b - an amulet of rage (around neck)
 j - a +3 ring of evasion (right claw)
 o - a +2 ring of strength (left claw)
 M - an uncursed ring of see invisible
 V - an uncursed amulet of guardian spirit {i}
Wands
 a - a wand of paralysis (0/24)
 k - a wand of lightning (7/15)
 t - a wand of enslavement (0/24)
 u - a wand of iceblast (9/15)
 A - a wand of iceblast (1/15)
 K - a wand of disintegration (5/24)
 Q - a wand of scattershot (4/9)
 R - a wand of lightning (2/15)
 T - a wand of random effects (16/48)
 U - a wand of paralysis (11/24)
Scrolls
 d - a scroll of teleportation
 p - 2 scrolls of fog {unknown}
 w - 4 scrolls of amnesia
 x - 6 scrolls of remove curse
 y - 2 scrolls of enchant weapon
 z - 3 scrolls of noise {unknown}
 F - 3 scrolls of magic mapping
 J - 2 scrolls of fear
 O - 2 scrolls of recharging {unknown}
 W - a scroll of vulnerability {unknown}
 Y - 2 scrolls of enchant armour {unknown}
Potions
 h - a potion of heal wounds
 v - a potion of lignification
 B - 2 potions of flight
 C - 2 potions of mutation
 H - a potion of cancellation {unknown}
 I - a potion of might
 S - a potion of invisibility {unknown}
 X - a potion of haste {unknown}
Books
 r - a book of Clouds

   Spells                             Type                      Level
   a - Poisonous Vapours              Poison/Air                   2
   b - Mephitic Cloud                 Conjuration/Poison/Air       3
   c - Conjure Flame                  Conjuration/Fire             3
   d - Freezing Cloud                 Conjuration/Ice/Air          6
   e - Ring of Flames                 Charms/Fire                  7
 P - a book of Air

   Spells                             Type                      Level
   a - Shock                          Conjuration/Air              1
   b - Swiftness                      Charms/Air                   2
   c - Static Discharge               Conjuration/Air              3
   d - Airstrike                      Air                          4
   e - Lightning Bolt                 Conjuration/Air              5
Comestibles
 f - 10 bread rations
 g - 4 fruits
 E - 3 royal jellies


   Skills:
 * Level 7.8 Fighting
 * Level 6.2(7.5) Short Blades
 + Level 6.3(7.5) Long Blades
   Level 2.8(5.9) Axes
   Level 9.0(9.3) Maces & Flails
 + Level 3.7 Slings
 + Level 5.8 Dodging
 + Level 5.6 Shields
 + Level 0.5 Spellcasting
 + Level 0.5 Conjurations
 + Level 0.5 Air Magic
 + Level 0.1 Evocations


You had 11 spell levels left.
You knew the following spells:

 Your Spells              Type           Power        Failure   Level  Hunger
a - Shock                 Conj/Air       #...         58%         1    ##.....


Dungeon Overview and Level Annotations

Branches:
Dungeon (11/15)            Temple (1/1) D:7            Lair (2/6) D:11
  Swamp: Lair:2-4    Shoals: Lair:2-4     Snake: Lair:2-4    Spider: Lair:2-4
    Orc: D:9-12

Altars:
Ashenzari
Cheibriados
Elyvilon
Fedhas
Gozag
Kikubaaqudgha
Makhleb
Nemelex Xobeh
Okawaru
Qazlal
Sif Muna
Trog
Uskayaw
Vehumet
Xom
Zin
The Shining One

Shops:
D:4 :   D:5 }   D:6 }   D:7 =   D:11 %


Innate Abilities, Weirdness & Mutations

You are too large for most types of armour.
You have claws for hands.
Your metabolism is lightning-fast.
You like to eat raw meat.
Your natural rate of healing is unusually fast.
You are covered in fur. (AC +1)
You have very tough skin. (AC +2)
You are partially covered in rugged brown scales. (AC +1, +3% HP)
Your muscles are strong. (Str +2)


Message History

The five-headed hydra completely misses you.
Evoke which item? (* to show all) (? for menu, Esc to quit)
Aiming: Paralyse
Press: ? - help, Shift-Dir - straight line, f - five-headed hydra
Aim: a five-headed hydra (chance to defeat MR: 15%)
The five-headed hydra resists with almost no effort.
This wand has 11 charges left.
The five-headed hydra bites you.
The five-headed hydra closely misses you.
The five-headed hydra bites you! x2
* * * LOW HITPOINT WARNING * * *
The five-headed hydra closely misses you.
You see here 14 gold pieces.
You open the door. The five-headed hydra misses you.
The five-headed hydra bites you!
* * * LOW HITPOINT WARNING * * *
The five-headed hydra bites you!
* * * LOW HITPOINT WARNING * * *
The five-headed hydra barely misses you.
The five-headed hydra bites you!
You die...

P.. ## ##.# ##. #### ##
##..# #P'###..###.#
#.#.# #..@D......#
#.... .#....$.....#
#....
#.......[.....#####....
##....[.......'..#.....
#.+..........P...#....
###..........#.#......
#..........#.<.+....
#....)......####....
##.#.##..##P# #....


You could see a five-headed hydra.

Vanquished Creatures
  Josephine (D:10)
  Harold (Lair:1)
  A hydra (D:10)
  6 two-headed ogres
  The ghost of xight the Thaumaturge, a novice DEFE (D:7)
  An ugly thing (D:9)
  3 black mambas
  Psyche (D:8)
  A troll (D:9)
  6 hippogriffs
  A shadow (D:9)
  5 wraiths
  A spriggan (D:7)
  A wyvern (D:10)
  5 yaks
  Eustachio (D:6)
  Menkaure (D:7)
  2 hungry ghosts
  3 porcupines (Lair:1)
  4 water moccasins
  4 phantoms
  3 orc warriors
  4 sky beasts
  A hornet zombie (D:9)
  2 ice beasts
  6 necrophages
  4 centaurs
  5 ogres
  2 big kobolds
  3 crocodiles
  Blork the orc (D:5)
  8 bullfrogs
  A wyvern zombie (D:9)
  A gnoll sergeant (D:9)
  5 scorpions
  4 killer bees (D:10)
  A water moccasin skeleton (D:6)
  3 electric eels (D:8)
  6 wights
  2 howler monkeys (D:7)
  3 crimson imps
  3 jellies
  A centaur zombie (D:8)
  A bullfrog zombie (D:10)
  6 hounds
  An orc wizard (D:7)
  3 orc priests
  2 bullfrog skeletons
  Terence (D:2)
  2 iguanas
  4 worker ants
  A killer bee zombie (D:7)
  2 hound zombies
  A mummy (D:9)
  A hound skeleton (D:11)
  A worker ant zombie (D:9)
  9 gnolls
  2 howler monkey skeletons (D:7)
  10 adders
  2 shadow imps
  An adder zombie (D:7)
  An adder skeleton (D:10)
  4 worms
  A dart slug (D:1)
  4 leopard geckos
  18 orcs
  4 ball pythons
  4 giant cockroaches
  8 hobgoblins
  18 jackals
  4 quokkas
  4 bats
  6 frilled lizards
  7 goblins
  12 kobolds
  A rat (D:1)
  7 fungi (Lair:1)
  2 plants (Lair:1)
  3 withered plants (D:9)
277 creatures vanquished.

Notes
Turn   | Place    | Note
-------+----------+-------------------------------------------
     0 | D:1      | dara the Troll Fighter began the quest for the Orb.
     0 | D:1      | Reached XP level 1. HP: 22/22 MP: 0/0
    83 | D:2      | Reached XP level 2. HP: 19/29 MP: 1/1
   504 | D:2      | Found a glowing golden altar of the Shining One.
   515 | D:2      | Found a bloodstained altar of Trog.
   516 | D:2      | Found an ancient bone altar of Kikubaaqudgha.
   519 | D:2      | Reached XP level 3. HP: 28/36 MP: 2/2
   600 | D:2      | Noticed Terence
   625 | D:2      | Killed Terence
   625 | D:2      | Reached XP level 4. HP: 39/44 MP: 3/3
  1392 | D:3      | Reached XP level 5. HP: 52/52 MP: 4/4
  1624 | D:3      | Reached skill level 1 in Maces & Flails
  1740 | D:3      | Found a snail-covered altar of Cheibriados.
  1842 | D:4      | Found Neqirhad's Book Emporium.
  2039 | D:4      | Reached skill level 2 in Maces & Flails
  2039 | D:4      | Reached XP level 6. HP: 49/61 MP: 5/5
  2157 | D:4      | Found a deep blue altar of Sif Muna.
  2465 | D:4      | Reached skill level 1 in Short Blades
  2631 | D:4      | Reached skill level 3 in Maces & Flails
  2859 | D:4      | Reached XP level 7. HP: 67/67 MP: 6/6
  2960 | D:5      | Entered Level 5 of the Dungeon
  2975 | D:5      | Noticed Blork the orc
  2997 | D:5      | Killed Blork the orc
  3051 | D:5      | Found Yhunosejel's Gadget Emporium.
  3108 | D:5      | Reached skill level 4 in Maces & Flails
  3258 | D:5      | Gained mutation: Your spells are a little harder to cast, but a little more powerful. [mutagenic meat]
  3267 | D:5      | Gained mutation: Your muscles are strong. (Str +2) [mutagenic meat]
  3273 | D:5      | Bought a wand of flame (20/48) for 132 gold pieces
  3471 | D:5      | Lost mutation: Your spells are a little harder to cast, but a little more powerful. [mutagenic meat]
  3767 | D:6      | Noticed Eustachio
  3848 | D:6      | Killed Eustachio
  3848 | D:6      | Reached skill level 5 in Maces & Flails
  3848 | D:6      | Reached XP level 8. HP: 53/78 MP: 7/7
  4032 | D:6      | Found Xeid's Quality Used Wands.
  4112 | D:6      | Gained mutation: You are partially covered in rugged brown scales. (AC +1, +3% HP) [mutagenic meat]
  4135 | D:6      | Got a bone falchion
  4369 | D:6      | Learned a level 1 spell: Shock
  4467 | D:6      | Reached skill level 6 in Maces & Flails
  4655 | D:6      | Identified the +12 falchion of Diatyxt {slice, rElec} (You found it on level 6 of the Dungeon)
  4893 | D:7      | Noticed Menkaure
  4917 | D:7      | Killed Menkaure
  4958 | D:7      | Noticed xight's ghost (novice DEFE)
  4966 | D:7      | Killed xight's ghost
  4966 | D:7      | Reached skill level 1 in Long Blades
  4966 | D:7      | Reached skill level 7 in Maces & Flails
  4966 | D:7      | Reached XP level 9. HP: 43/87 MP: 4/8
  5174 | D:7      | Found Jothriev's Jewellery Emporium.
  5297 | D:7      | Found a staircase to the Ecumenical Temple.
  5307 | Temple   | Entered the Ecumenical Temple
  5543 | D:7      | Reached skill level 5 in Fighting
  5944 | D:8      | Reached skill level 1 in Slings
  6208 | D:8      | Noticed a two-headed ogre
  6210 | D:8      | Noticed a two-headed ogre
  6421 | D:8      | Killed a two-headed ogre
  6421 | D:8      | Reached XP level 10. HP: 40/98 MP: 7/9
  6532 | D:8      | Killed a two-headed ogre
  6735 | D:8      | Found a glowing silver altar of Zin.
  7088 | D:8      | Noticed a two-headed ogre
  7101 | D:8      | Killed a two-headed ogre
  7101 | D:8      | Reached skill level 8 in Maces & Flails
  7101 | D:8      | Reached skill level 5 in Dodging
  7830 | D:9      | Found a white marble altar of Elyvilon.
  7847 | D:9      | Noticed a two-headed ogre
  7854 | D:9      | Killed a two-headed ogre
  7956 | D:9      | Noticed Psyche
  7986 | D:9      | Paralysed by Psyche for 7 turns
  8202 | D:8      | Killed Psyche
  8202 | D:8      | Reached XP level 11. HP: 110/110 MP: 10/10
  8301 | D:9      | Found a shimmering altar of Xom.
  8345 | D:9      | Noticed a two-headed ogre
  8364 | D:9      | Killed a two-headed ogre
  8364 | D:9      | Reached skill level 5 in Long Blades
  8493 | D:9      | Reached skill level 5 in Shields
  8644 | D:9      | Noticed a purple ugly thing
  8852 | D:9      | Noticed a two-headed ogre
  8861 | D:9      | Killed a two-headed ogre
  8864 | D:9      | Reached skill level 5 in Short Blades
  9069 | D:9      | Killed a purple ugly thing
  9301 | Temple   | Became a worshipper of Warmaster Okawaru
  9496 | D:10     | Entered Level 10 of the Dungeon
  9666 | D:10     | Noticed an eight-headed hydra
  9879 | D:10     | Killed a ten-headed hydra
 10024 | D:10     | Reached * piety under Okawaru
 10847 | D:11     | Found Xeoqasuff's Food Shop.
 10866 | D:11     | Bought a bread ration for 50 gold pieces
 11363 | D:10     | Noticed Josephine
 11513 | D:11     | Found a staircase to the Lair.
 11645 | D:11     | Reached skill level 9 in Maces & Flails
 11704 | D:11     | Reached ** piety under Okawaru
 11966 | D:10     | Killed Josephine
 12300 | D:11     | Reached *** piety under Okawaru
 12376 | Lair:1   | Entered Level 1 of the Lair of Beasts
 12419 | Lair:1   | Reached XP level 12. HP: 106/121 MP: 11/11
 12475 | Lair:1   | Noticed Harold
 12490 | Lair:1   | Killed Harold
 13415 | Lair:2   | Reached **** piety under Okawaru
 13449 | Lair:2   | Noticed a five-headed hydra
 13470 | Lair:2   | Mangled by a five-headed hydra

Skill      XL: |  1  2  3  4  5  6  7  8  9 10 11 12 |
---------------+-------------------------------------+-----
Axes           | 2 |  2.8
Dodging        | 3 4 5 |  5.8
Maces & Flails | 2 3 5 7 8 9 |  9.0
Shields        | 3 4 5 |  5.6
Fighting       | 3 4 5 6 7 |  7.8
Short Blades   | 1 2 3 4 5 6 |  6.2
Long Blades    | 1 3 4 6 |  6.3
Slings         | 1 2 3 |  3.7
Spellcasting   | |  0.5
Conjurations   | |  0.5
Air Magic      | |  0.5
Evocations     | |  0.1

Action                   |  1- 3 |  4- 6 |  7- 9 | 10-12 || total
-------------------------+-------+-------+-------+-------++-------
Melee: War axe           |    99 |       |       |       ||    99
       Mace              |       |   187 |   229 |       ||   416
       Falchion          |       |       |    93 |   388 ||   481
 Fire: Hunting sling     |       |       |    18 |   120 ||   138
 Cast: Shock             |       |       |     5 |       ||     5
Evoke: Wand              |       |       |     1 |    16 ||    17
  Use: Potion            |     1 |       |     6 |     2 ||     9
       Scroll            |       |     4 |    14 |     9 ||    27
  Eat: Chunk             |     9 |    22 |    29 |    37 ||    97
       Bread ration      |       |       |     2 |     4 ||     6
       Meat ration       |       |       |       |     5 ||     5
       Fruit             |       |       |       |     1 ||     1
Armor: Robe              |    49 |   117 |   112 |    89 ||   367
       Skin              |       |       |     5 |       ||     5
Dodge: Dodged            |    43 |    90 |   116 |   223 ||   472
Block: Shield            |    59 |   115 |   149 |   176 ||   499
       Rpst.: Falchion   |       |       |    11 |    44 ||    55
